 Dungeon Crawl Stone Soup version 0.18.1-6-gd335043 (webtiles) character file.

21 mopl the Insei (level 2, -1/20 HPs)
             Began as a Vampire Transmuter on May 17, 2016.
             Slain by Ijyb (2 damage)
             ... on level 2 of the Dungeon.
             The game lasted 00:01:30 (1257 turns).

mopl the Insei (Vampire Transmuter)                 Turns: 1257, Time: 00:01:31

Health: -1/20      AC:  2    Str:  9    XL:     2   Next: 65%
Magic:  1/5        EV: 12    Int: 15    God:
Gold:   45         SH:  0    Dex: 14    Spells: 2 memorised, 2 levels left

rFire  . . .     SeeInvis +     e - +0 dagger
rCold  + . .     Gourm    .     b - +0 robe
rNeg   + + .     Faith    .     (no shield)
rPois  +         Spirit   .     (no helmet)
rElec  .         Dismiss  .     (no cloak)
rCorr  .         Reflect  .     (no gloves)
SustAt .         Harm     .     (no boots)
MR     .....                    (no amulet)
Stlth  ++........               (no ring)
                                (no ring)

@: regenerating slowly, not resistant to hostile enchantments, unstealthy
A: fangs 3, see invisible, unbreathing
a: no special abilities


You were on level 2 of the Dungeon.
You were very thirsty.

You visited 1 branch of the dungeon, and saw 2 of its levels.

You collected 45 gold pieces.

Inventory:

Hand Weapons
 e - a +0 dagger (weapon)
Missiles
 a - 9 arrows
Armour
 b - a +0 robe (worn)
Scrolls
 f - a scroll of teleportation {unknown}
 g - a scroll of magic mapping {unknown}
 h - a scroll of recharging {unknown}
Potions
 d - 3 potions of blood
Books
 c - a book of Changes

   Spells                             Type                      Level
   a - Beastly Appendage              Transmutation                1
   b - Sticks to Snakes               Transmutation                2
   c - Spider Form                    Transmutation/Poison         3
   d - Ice Form                       Ice/Transmutation            4
   e - Blade Hands                    Transmutation                5


   Skills:
 - Level 0.8 Fighting
 + Level 1.6 Short Blades
 - Level 2.1 Dodging
 * Level 2.7 Stealth
 - Level 3.2 Unarmed Combat
 - Level 2.0 Spellcasting
 - Level 2.1 Transmutations


You had 2 spell levels left.
You knew the following spells:

 Your Spells              Type           Power        Failure   Level  Hunger
a - Beastly Appendage     Trmt           #.....       12%         1    #......
w - Sticks to Snakes      Trmt           #.......     14%         2    ###....


Dungeon Overview and Level Annotations

Branches:
Dungeon (2/15)

Altars:

Annotations:
D:2 Ijyb


Innate Abilities, Weirdness & Mutations

You heal slowly.
You have razor-sharp teeth.
You have supernaturally acute eyesight.
You can survive without breathing.


Message History

Your ball python barely misses Ijyb.
Your ball python constricts Ijyb.
Ijyb escapes!
You hit Ijyb but do no damage.
Ijyb is heavily wounded.
Ijyb hits you.
* * * LOW HITPOINT WARNING * * *
You hit Ijyb.
Ijyb is severely wounded.
Your ball python closely misses Ijyb.
Your ball python barely misses Ijyb.
Ijyb hits you.
* * * LOW HITPOINT WARNING * * *
You hit Ijyb but do no damage.
Ijyb is severely wounded.
Your ball python bites Ijyb but does no damage.
Your ball python closely misses Ijyb.
You closely miss Ijyb.
Ijyb is severely wounded.
Your ball python barely misses Ijyb.
Your ball python misses Ijyb.
Ijyb hits you.
You die...

############### #.............#
######.............#
#..................#
#.###...@gS........#
####'###..............#####
######.........................#
#...............#.#.######.....#
#.####..........#.#.# #.[...#
#.# #.....##.#.#.#.# #.....#
#.####.....##.#.#.#.# #.......
................#.#.# #.......
######.....##.###.#.# #.......


You could see Ijyb and a friendly ball python.

Vanquished Creatures
  A dart slug (D:1)
  A giant gecko (D:1)
  3 bats (D:1)
  2 giant cockroaches (D:1)
  A ball python (D:1)
  2 giant newts (D:1)
  4 goblins (D:1)
  5 rats (D:1)
19 creatures vanquished.

Notes
Turn   | Place    | Note
--------------------------------------------------------------
     0 | D:1      | mopl the Vampire Transmuter began the quest for the Orb.
     0 | D:1      | Reached XP level 1. HP: 14/14 MP: 3/3
   204 | D:1      | Reached skill level 1 in Stealth
   401 | D:1      | Reached skill level 1 in Short Blades
   411 | D:1      | Reached XP level 2. HP: 14/20 MP: 5/5
   448 | D:1      | Learned a level 2 spell: Sticks to Snakes
   503 | D:1      | Reached skill level 2 in Stealth
  1207 | D:2      | Noticed Ijyb
  1255 | D:2      | HP: 1/20 [Ijyb (1)]
  1257 | D:2      | Slain by Ijyb

Skill      XL: |  1  2 |
---------------+-------+-----
Stealth        | 1 2 |  2.7
Short Blades   | 1 |  1.6
Fighting       | |  0.8
Dodging        | |  2.1
Unarmed Combat | |  3.2
Spellcasting   | |  2.0
Transmutations | |  2.1

Action                   || total
-------------------------++-------
Melee: Dagger            ||   100
       Unarmed           ||     2
       Bite              ||     5
       Punch             ||     2
 Cast: Sticks to Snakes  ||     3
 Stab: Distracted        ||     1
       Sleeping          ||     1
Armor: Robe              ||    15
Dodge: Dodged            ||    53
